 Dungeon Crawl Stone Soup version 0.32-a0-898-g7811c86cf0 (webtiles) character file.

Game seed: 13553917936991516403

1379 Lanoc the Shooter (level 8, -2/63 HPs)
             Began as a Coglin Hunter on Apr 4, 2024.
             Slain by a killer bee (4 damage)
             ... on level 6 of the Dungeon.
             The game lasted 00:05:08 (3620 turns).

Lanoc the Shooter (Coglin Hunter)                   Turns: 3620, Time: 00:05:08

Health: -2/63      AC:  4    Str: 10 (13) XL:     8   Next: 66%
Magic:  8/8        EV: 13    Int:  9 (10) God:
Gold:   233        SH:  0    Dex: 16 (19) Spells: 7/7 levels left

rFire   + . .        a - +2 sling {Chikashi}
rCold   . . .        d - +0 sling {Narong}
rNeg    . . .        n - +1 robe "Wemis" {rF+ Regen+ Str+2 SInv}
rPois   .            (no helmet)
rElec   .            (no cloak)
rCorr   .            x - +0 pair of gloves
SInv    +            (no boots)
Will    +....        (amulet unavailable)
Stlth   ++           (ring unavailable)
HPRegen 1.10/turn    (ring unavailable)
MPRegen 0.11/turn    (no gizmo)

%: no passive effects
@: lethally poisoned (-2 -> -5), enlightened, flying, revved
A: off-hand wielding, slow wielding, warmup strikes, no jewellery
a: Invent Gizmo


You were on level 6 of the Dungeon.
You visited 1 branch of the dungeon, and saw 6 of its levels.

You collected 233 gold pieces.

Inventory:

Hand Weapons
 a - a +2 sling (weapon) {Chikashi}
 d - a +0 sling (offhand) {Narong}
Armour
 n - the +1 robe "Wemis" (worn) {rF+ Regen+ Str+2 SInv}
   (You found it on level 3 of the Dungeon)

   Str+2:     It affects your strength (+2).
   rF+:       It protects you from fire.
   SInv:      It lets you see invisible.
   Regen+:    It increases your rate of health regeneration.
 x - a +0 pair of gloves (worn)
Wands
 u - a wand of charming (1)
 v - a wand of roots (9)
 w - a wand of flame (28)
Scrolls
 b - a scroll of butterflies
 c - a scroll of vulnerability {unknown}
 f - 6 scrolls of identify {unknown}
 g - 4 scrolls of teleportation {unknown}
 h - 2 scrolls of revelation {unknown}
 i - a scroll of enchant armour {unknown}
 j - a scroll of poison {unknown}
 o - a scroll of immolation {unknown}
 p - 2 scrolls of enchant weapon {unknown}
 r - a scroll of brand weapon {unknown}
Potions
 e - a potion of resistance {unknown}
 k - 2 potions of degeneration
 l - a potion of magic {unknown}
 m - a potion of lignification {unknown}
 q - a potion of invisibility {unknown}
 s - a potion of enlightenment
 t - 3 potions of curing {unknown}


   Skills:
 + Level 5.4 Fighting
 * Level 7.7 Ranged Weapons
 + Level 4.9 Dodging
 - Level 0.7 Stealth


You had 7 spell levels left.
You didn't know any spells.
Your spell library contained the following spells:

 Spells                   Type           Power      Damage    Failure   Level
 Sandblast                Erth           0%         2d4       38%         1
 Maxwell's Portable Pile  Tloc           0%         2d(5-13)  77%         3
 Stone Arrow              Conj/Erth      0%         3d7       77%         3
 Brom's Barrelling Bould  Conj/Erth      0%         2d3       99%         4
 Arcjolt                  Conj/Air       0%         1d10      100%        5
 Maxwell's Capacitive Co  Air            0%         ∞         100%        8


Dungeon Overview and Level Annotations

Branches:
Dungeon (6/15)
 Temple: D:4-7

Altars:
Gozag
Xom

Shops:
D:3 (


Innate Abilities, Weirdness & Mutations

You can wield a second weapon in your off-hand.
It takes a long time for you to wield or remove held weapons.
Your first few attacks do less damage.
You cannot equip rings or amulets.


Message History

The killer bee stings you!
You are poisoned.
The killer bee poisons you! The killer bee stings you.
You are too injured to fight recklessly!
Fire: a) +2 sling {Chikashi}
Press: ? - help, Q - select action, (/) - cycle Shift-Dir - straight line, f/p - killer bee
Aim: a killer bee (almost dead, 42% to hit)
You shoot a sling bullet. The sling bullet hits the killer bee.
You kill the killer bee!
You shoot a sling bullet.
You feel sick. The killer bee stings you! The killer bee closely misses you.
The killer bee misses you.
The killer bee stings you but does no damage.
Fire: a) +2 sling {Chikashi}
Press: ? - help, Q - select action, (/) - cycle Shift-Dir - straight line, f - killer bee
Aim: a killer bee (42% to hit)
You shoot a sling bullet.
The sling bullet barely misses the killer bee.
You shoot a sling bullet. The sling bullet hits the killer bee.
The killer bee is lightly wounded.
You feel sick. The killer bee barely misses you. The killer bee stings you.
* * * LOW HITPOINT WARNING * * *
You are more poisoned.
The killer bee poisons you! The killer bee stings you.
* * * LOW HITPOINT WARNING * * *
The killer bee stings you.
* * * LOW HITPOINT WARNING * * *
It was a potion of degeneration.
There was something very wrong with that liquid.
You feel weakened.
You feel dopey.
You feel clumsy.
You feel very sick.
The killer bee stings you but does no damage.
The killer bee barely misses you. The killer bee stings you.
* * * LOW HITPOINT WARNING * * *
The killer bee stings you but does no damage.
It was a potion of enlightenment.
You feel very buoyant.
You fly up into the air.
* * * LOW HITPOINT WARNING * * *
You feel sick. The killer bee stings you.
You die...

##..# ...........##..
#.##....##..........#..#
#......................#
#.....................##
#......................#
...........#.........##.
.....................##.
.............#.......##.
.....†y@##...##......#..
......y.##...####....#.#
#........#...# ##.....#
##...........# #.....#
#............## ##.....#
....[.........###..###..
...............†..## ##.
..................# #.
...###........# ##.


You could see 2 killer bees.

Vanquished Creatures
  Grinder (D:5)
  An ice beast (D:6)
  A sky beast (D:6)
  A black bear (D:5)
  An ogre (D:5)
  Blork the orc (D:4)
  A bullfrog (D:6)
  3 killer bees (D:6)
  A hound (D:5)
  3 bombardier beetles
  3 orc priests (D:5)
  3 iguanas
  Ijyb (D:4)
  An orc wizard (D:4)
  Robin (D:4)
  4 gnolls (D:5)
  6 adders
  7 dart slugs
  A ribbon worm (D:2)
  7 orcs
  5 endoplasms
  4 giant cockroaches (D:1)
  10 hobgoblins
  6 jackals (D:2)
  4 quokkas
  4 ball pythons
  A bat (D:2)
  7 frilled lizards
  13 goblins
  9 kobolds
  8 rats
119 creatures vanquished.

Notes
Turn   | Place    | Note
-------+----------+-------------------------------------------
     0 | D:1      | Lanoc the Coglin Hunter began the quest for the Orb.
     0 | D:1      | Reached XP level 1. HP: 16/16 MP: 1/1
   125 | D:1      | Reached XP level 2. HP: 22/22 MP: 2/2
   515 | D:1      | Reached skill level 4 in Ranged Weapons
   712 | D:2      | Reached XP level 3. HP: 28/28 MP: 3/3
  1040 | D:2      | Reached XP level 4. HP: 34/34 MP: 4/4
  1378 | D:3      | Found Ugho Oki's Weapon Boutique.
  1433 | D:3      | Found a faded altar of an unknown god.
  1445 | D:3      | Identified the +1 robe "Wemis" {rF+ Regen+ Str+2 SInv}
  1533 | D:3      | Reached XP level 5. HP: 40/40 MP: 5/5
  1841 | D:4      | Reached skill level 5 in Ranged Weapons
  1872 | D:4      | Noticed Blork the orc
  1880 | D:4      | Killed Blork the orc
  1881 | D:4      | Reached XP level 6. HP: 34/47 MP: 6/6
  1889 | D:4      | Identified the ring "Ytukleg" {Fly rF++ Str-5 SInv}
  2035 | D:4      | Found an opulent altar of Gozag.
  2226 | D:4      | Noticed Robin
  2232 | D:4      | Killed Robin
  2288 | D:4      | Noticed Ijyb
  2347 | D:4      | Killed Ijyb
  2615 | D:5      | Entered Level 5 of the Dungeon
  2782 | D:5      | Noticed Grinder
  2790 | D:5      | Killed Grinder
  2791 | D:5      | Reached skill level 6 in Ranged Weapons
  2791 | D:5      | Reached XP level 7. HP: 48/54 MP: 7/7
  3124 | D:5      | Reached XP level 8. HP: 61/61 MP: 8/8
  3166 | D:5      | Reached skill level 7 in Ranged Weapons
  3399 | D:6      | Reached skill level 5 in Fighting
  3534 | D:6      | Found a shimmering altar of Xom.
  3619 | D:6      | HP: 3/63 [killer bee (6)]
  3620 | D:6      | Slain by a killer bee

Illustrated notes

Levels and vault maps discovered:
D:1:      ncdulo_halloftheorcs, layout_basic, nicolae_kite_square_tiling_tiny,
          minmay_misc_feat_rugged
D:2:      layout_loops_ring
D:3:      layout_rooms, serial_shops, nicolae_shop_gibbet_a_chance,
          ebering_ecumenical_altar_petrified
D:4:      kennysheep_slugbush, layout_basic, mainiacjoe_overflow_alcove_2,
          uniq_ijyb, uniq_blork_the_orc, uniq_robin
D:5:      layout_basic, uniq_grinder
D:6:      layout_layer_cave, kennysheep_mini_moat, kennysheep_slug_shrine,
          kennysheep_mini, minmay_temple_entry_hall, serial_shops, shop

Skill      XL: |  1  2  3  4  5  6  7  8 |
---------------+-------------------------+-----
Dodging        | 2 3 4 |  4.9
Ranged Weapons | 4 5 6 7 |  7.7
Fighting       | 3 4 5 |  5.4
Stealth        | |  0.7

Action                     |  1- 3 |  4- 6 |  7- 9 || total
---------------------------+-------+-------+-------++-------
  Melee: Sling             |       |    24 |       ||    24
   Fire: Sling             |   162 |   350 |   194 ||   706
    Use: Potion            |       |       |     2 ||     2
 Armour: Leather armour    |    10 |       |       ||    10
         Robe              |       |    48 |    35 ||    83
  Dodge: Dodged            |    11 |    54 |    34 ||    99

Table legend: (Time is in decaauts)
 A = Elapsed time spent in this place.
 B = Non-inter-level travel time spent in this place.
 C = Inter-level travel time spent in this place.
 D = Time resting spent in this place.
 E = Time spent auto-exploring this place.
 F = Levels seen in this place.
 G = Mean time per level.
                   A        B        C        D        E       F      G
               +--------+--------+--------+--------+--------+-----+--------+
         Total |   3686 |   3576 |    110 |      0 |   2898 |   6 |  614.3 |
       Dungeon |   3686 |   3576 |    110 |      0 |   2898 |   6 |  614.3 |
               +--------+--------+--------+--------+--------+-----+--------+

Top non-repeatable levels by time:
     D:4: 916 daAuts
     D:5: 762 daAuts
     D:1: 675 daAuts
     D:2: 569 daAuts
     D:3: 510 daAuts
     D:6: 252 daAuts
